 Dungeon Crawl Stone Soup version 0.31-a0-667-g39726597b9 (webtiles) character file.

Game seed: 2559965350868506062

6512 Xavori the Slicer (level 11, -6/61 (64) HPs)
             Began as an Octopode Chaos Knight on Sept 3, 2023.
             Was a Plaything of Xom.
             Killed from afar by a gargoyle (25 damage)
             ... with a stone arrow
             ... on level 10 of the Dungeon on Sept 4, 2023.
             The game lasted 00:11:15 (12804 turns).

Xavori the Slicer (Octopode Chaos Knight)          Turns: 12804, Time: 00:11:16

HP:   -6/61 (64)    AC:  5    Str: 15    XL:     11   Next: 0%
MP:   11/11         EV: 17    Int: 12    God:    Xom [*.....]
Gold: 630           SH:  6    Dex: 25    Spells: 10/10 levels left

rFire   + . .        m - +5 rapier (speed)
rCold   . . .        D - +0 buckler
rNeg    . . .        (helmet restricted)
rPois   +            a - amulet of regeneration
rElec   .            l - ring of protection from fire
rCorr   .            s - +4 ring of protection
SInv    .            t - +6 ring of dexterity
Will    +....        B - ring of poison resistance
Stlth   ++++++       (no ring)
HPRegen 1.90/turn    (no ring)
MPRegen 0.12/turn    (no ring)
                     (no ring)

%: no passive effects
@: hasted, lightly drained, very quick
A: almost no armour, amphibious, 8 rings, camouflage 1, gelatinous body 1,
(nimble swimmer 1), tentacles, agile 1, frail 1, strong-willed 1, regeneration
1, screaming 1, strong 1, MP-powered wands
a: Renounce Religion


You were on level 10 of the Dungeon.
You worshipped Xom.
You were a special plaything of Xom.
You visited 1 branch of the dungeon, and saw 10 of its levels.

You collected 630 gold pieces.

Inventory:

Hand Weapons
 m - a +5 rapier of speed (weapon)
 A - the +6 short sword of the Elven Halls {heavy, Dex+2}
   (You found it on level 6 of the Dungeon)

   Dex+2:     It affects your dexterity (+2).
Armour
 D - a +0 buckler (worn)
Jewellery
 a - an amulet of regeneration (around mantle)
 l - a ring of protection from fire (left tentacle)
 s - a +4 ring of protection (right tentacle)
 t - a +6 ring of dexterity (on tentacle)
 B - a ring of poison resistance (on tentacle)
Talismans
 u - a maw talisman
Wands
 i - a wand of mindburst (12)
 r - a wand of polymorph (7)
 v - a wand of quicksilver (23)
 z - a wand of digging (8)
 E - a wand of iceblast (6)
 F - a wand of flame (25)
Scrolls
 b - 3 scrolls of butterflies
 d - a scroll of vulnerability
 e - a scroll of fear
 k - a scroll of silence
 n - 2 scrolls of revelation
 w - 2 scrolls of teleportation
 y - 3 scrolls of poison
 C - 3 scrolls of enchant weapon
 G - a scroll of enchant armour
 I - a scroll of amnesia
Potions
 f - 2 potions of ambrosia
 g - a potion of resistance {unknown}
 h - 5 potions of curing
 j - 3 potions of haste
 o - 2 potions of cancellation
 p - 3 potions of lignification
 q - a potion of magic
 x - a potion of might
 H - 2 potions of mutation {unknown}


   Skills:
 + Level 5.3 Fighting
 * Level 11.0 Short Blades
 - Level 0.1 Maces & Flails
 + Level 5.1 Dodging
 + Level 10.7 Stealth
 + Level 1.5 Shields
 + Level 0.9 Unarmed Combat
 * Level 5.3 Evocations
 * Level 4.4 Shapeshifting


You had 10 spell levels left.
You didn't know any spells.
Your spell library contained the following spells:

 Spells                   Type           Power      Damage    Failure   Level
 Summon Forest            Summ/Tloc      0%         N/A       100%        5
 Summon Mana Viper        Hex/Summ       0%         N/A       100%        5
 Summon Cactus Giant      Summ           0%         N/A       100%        6


Dungeon Overview and Level Annotations

Branches:
Dungeon (10/15)            Temple (0/1) D:7             Orc (0/2) D:9
   Lair: D:8-11

Altars:
Elyvilon
Hepliaklqana
Kikubaaqudgha
Okawaru
Qazlal
Ru
Sif Muna
Uskayaw
Wu Jian
Xom
Yredelemnul
Zin
The Shining One


Innate Abilities, Weirdness & Mutations

You cannot wear most types of armour.
You are amphibious.
You can wear up to eight rings at the same time.
Your skin changes colour to match your surroundings (Stealth+).
Your rubbery body absorbs attacks. (AC +1, EV +1)
((You are camouflaged when in or above water. (Stealth+)))
You have tentacles for arms and can constrict up to eight enemies at once.
You are agile. (Dex +4, Str/Int -1)
You are frail. (-10% HP)
You are strong-willed. (Will+)
Your natural rate of healing is unusually fast.
You occasionally shout uncontrollably at your foes.
Your muscles are strong. (Str +4, Int/Dex -1)
You expend magic power (3 MP) to strengthen your wands.


Message History

A two-headed ogre comes into view. It is wielding two +0 giant clubs.
Found 4 stones and a large rock.
You hit the gargoyle. Your grab misses the gargoyle.
The gargoyle is lightly damaged.
The two-headed ogre shouts in stereo!
The two-headed ogre shouts in stereo!
You see here a large rock.
The boulder beetle attacks as it pursues you!
You block the boulder beetle's attack.
You see here 5 stones.
The boulder beetle waves its antennae.
The gargoyle hurls a stone arrow at you.
The stone arrow hits you!!
Ouch! That really hurt!
The boulder beetle attacks as it pursues you!
The boulder beetle closely misses you.
There is an open door here.
The gargoyle attacks as it pursues you!
The gargoyle hits you with a +2 flail of draining!!
* * * LOW HITPOINT WARNING * * *
A shower of butterflies erupts from you!
You feel drained.
* * * LOW HITPOINT WARNING * * *
Something bites your butterfly!!
Your butterfly dies!
Your butterfly disappears in a puff of smoke!
You feel better.
The gargoyle hurls a stone arrow at you.
The stone arrow misses you.
The two-headed ogre misses your butterfly.
The two-headed ogre hits your butterfly with a +0 dire flail.
Your butterfly dies!
Your butterfly disappears in a puff of smoke!
Unknown command.
Okay, then.
You feel yourself speed up. The gargoyle closely misses you.
The gargoyle hurls a stone arrow at you.
The stone arrow hits you!!
You die...
Xom howls with laughter!

.... .........# ##..##
#######'## ###....####
#.....# #....(..(.#
##.####### #..(#.8.8.#
#).......# #....(..(.#
#........#### #.(.().#.8#
#............
#(.....((B######........####
#.#.#(#.#O##@...........#
#.((..(..O9..###...[....#
#..#.#.#..#### #........#
#.........# #####.####
########+## #.# #.# #.# .#


You could see a two-headed ogre and a gargoyle.

Vanquished Creatures
  Erolcha (D:9)
  2 two-headed ogres
  Pikel (D:5)
  Grinder (D:4)
  A wraith (D:6)
  2 wyverns
  A steam dragon (D:7)
  A water moccasin (D:6)
  An acid dragon (D:9)
  2 ogres
  4 orc warriors
  2 sky beasts
  2 centaurs
  2 lemures (D:5)
  3 phantoms
  A kobold brigand (D:8)
  3 bullfrogs
  A gnoll sergeant (D:9)
  2 necrophages (D:5)
  5 wights (D:7)
  3 killer bees (D:8)
  2 howler monkeys
  2 centaur zombies (D:5)
  2 bullfrog zombies (D:5)
  5 hounds
  An iron imp (D:6)
  4 orc priests
  A human zombie (D:5)
  2 jellies
  4 iguanas
  7 orc wizards
  A scorpion zombie (D:5)
  2 hound zombies (D:5)
  2 mummies (D:5)
  8 gnolls
  7 adders
  2 shadow imps (D:5)
  3 white imps
  An ufetubus (D:6)
  3 worms
  4 dart slugs
  27 orcs
  2 bats
  4 endoplasms
  A giant cockroach (D:1)
  11 goblins
  8 hobgoblins
  3 jackals (D:3)
  6 quokkas
  5 ball pythons
  2 frilled lizards
  2 goblin zombies (D:6)
  A hobgoblin zombie (D:6)
  11 kobolds
  2 kobold skeletons (D:6)
  An orc skeleton (D:6)
  2 orc zombies (D:6)
  3 rats
195 creatures vanquished.

Vanquished Creatures (collateral kills)
  Sigmund (D:4)
  A worm (D:4)
  An endoplasm (D:1)
  A quokka (D:4)
  A kobold (D:4)
  A rat (D:1)
6 creatures vanquished.

Grand Total: 201 creatures vanquished

Notes
Turn   | Place    | Note
-------+----------+-------------------------------------------
     0 | D:1      | Xavori the Octopode Chaos Knight began the quest for the
                  | Orb.
     0 | D:1      | Reached XP level 1. HP: 16/16 MP: 1/1
    15 | D:1      | XOM: divination: detect items
    50 | D:1      | Reached XP level 2. HP: 16/21 MP: 2/2
   164 | D:1      | XOM: smoke on damage
   176 | D:1      | XOM: cast spell 'Summon Ice Beast'
   540 | D:1      | XOM: divination: detect creatures
   551 | D:1      | XOM: smoke on damage
   644 | D:1      | XOM: noise
   859 | D:1      | XOM: cloud trail
  2670 | D:1      | XOM: give mutation
  2670 | D:1      | Gained mutation: One of your tentacles bears a spike.
                  | [Xom's mischief]
  3183 | D:1      | XOM is BORED!
  3183 | D:1      | XOM: torment (12/21 hp)
  3303 | D:1      | XOM: silly message
  3445 | D:1      | XOM: summons 2 hostile demons
  3753 | D:1      | XOM: draining
  3872 | D:1      | XOM: scenery: summon butterflies
  3957 | D:1      | XOM: god gift: buzzing morningstar {god gift}
  3957 | D:1      | Identified the +7 morningstar "Qyacreh" {heavy, +Blink
                  | rPois rC- Stlth+} (Xom gifted it to you on level 1 of the
                  | Dungeon)
  4004 | D:2      | Reached XP level 3. HP: 16/23 MP: 3/3
  4170 | D:2      | XOM: polymorph adder -> gnoll
  4176 | D:2      | Reached skill level 1 in Stealth
  4216 | D:2      | Reached XP level 4. HP: 20/30 MP: 4/4
  4324 | D:2      | XOM: scenery: 1 doors close
  5600 | D:1      | XOM: god gift: runed plate armour {god gift}
  5824 | D:1      | XOM: 1-stop teleportation journey
  5872 | D:1      | XOM: silly message
  6172 | D:1      | XOM is BORED!
  6172 | D:1      | XOM: give mutations
  6172 | D:1      | Lost mutation: One of your tentacles bears a spike. [Xom's
                  | mischief]
  6172 | D:1      | Gained mutation: You are robust. (+10% HP) [Xom's mischief]
  6172 | D:1      | Gained mutation: You are agile. (Dex +4, Str/Int -1) [Xom's
                  | mischief]
  6206 | D:1      | XOM: god gift: 5 stones
  6927 | D:1      | XOM: god gift: scroll of butterflies
  6989 | D:1      | XOM: god gift: scroll labelled QICWEUT EFIBEIMM {god gift}
  7019 | D:1      | XOM: give mutations
  7019 | D:1      | Gained mutation: You expend magic power (3 MP) to
                  | strengthen your wands. [Xom's grace]
  7019 | D:1      | Gained mutation: Your natural rate of healing is unusually
                  | fast. [Xom's grace]
  7038 | D:1      | XOM: noise
  7130 | D:1      | XOM: cloud trail
  7174 | D:2      | Reached skill level 4 in Short Blades
  7296 | D:2      | XOM: enchant monster (bad)
  7525 | D:3      | Found a stormy altar of Qazlal.
  7624 | D:3      | XOM: scenery: create altars
  7745 | D:3      | XOM: chaos upgrade
  7754 | D:3      | XOM: enchant monster (good)
  7756 | D:3      | Reached XP level 5. HP: 38/39 MP: 5/5
  7775 | D:3      | XOM: butterfly on damage
  8007 | D:4      | Noticed Grinder
  8011 | D:4      | XOM: confusion
  8013 | D:4      | XOM: enchant monster (bad)
  8019 | D:4      | XOM: confusion
  8022 | D:4      | XOM: blink monster(s)
  8032 | D:4      | Killed Grinder
  8033 | D:4      | Reached skill level 5 in Short Blades
  8033 | D:4      | Reached XP level 6. HP: 47/47 MP: 6/6
  8113 | D:4      | Noticed Sigmund
  8114 | D:4      | XOM: summons friendly white imp
  8120 | D:4      | Killed Sigmund
  8121 | D:4      | Reached skill level 5 in Stealth
  8121 | D:4      | Reached XP level 7. HP: 44/51 MP: 7/7
  8263 | D:4      | Reached skill level 6 in Short Blades
  8271 | D:4      | XOM: give mutation
  8271 | D:4      | Gained mutation: Your mind is acute. (Int +4, Str/Dex -1)
                  | [Xom's grace]
  8554 | D:5      | XOM: stealth player
  8554 | D:5      | Entered Level 5 of the Dungeon
  8564 | D:5      | Found an iron altar of Okawaru.
  8686 | D:5      | Found a sacrificial altar of Ru.
  8907 | D:5      | Reached skill level 1 in Shapeshifting
  8907 | D:5      | Reached XP level 8. HP: 55/59 MP: 8/8
  8929 | D:5      | Reached skill level 1 in Evocations
  8936 | D:5      | Reached skill level 7 in Short Blades
  8996 | D:5      | Found a basalt altar of Yredelemnul.
  9113 | D:5      | XOM: 4-stop teleportation journey
  9133 | D:5      | XOM: god gift: war axe {god gift}
  9188 | D:5      | Found a hazy altar of Hepliaklqana.
  9377 | D:5      | Noticed Pikel
  9396 | D:5      | XOM: butterfly on damage
  9406 | D:5      | Killed Pikel
  9407 | D:5      | Reached skill level 8 in Short Blades
  9407 | D:5      | Reached XP level 9. HP: 38/64 MP: 9/9
  9816 | D:6      | XOM: 2-stop teleportation journey
  9854 | D:6      | XOM: divination: detect items
  9886 | D:6      | XOM: noise
  9999 | D:6      | Identified the +6 short sword of the Elven Halls {heavy,
                  | Dex+2}
 10007 | D:6      | XOM: cast spell 'Summon Ice Beast'
 10184 | D:6      | Found a glowing golden altar of the Shining One.
 10292 | D:6      | XOM: divination: detect creatures
 10303 | D:6      | Reached skill level 9 in Short Blades
 10462 | D:6      | XOM: silly message
 10596 | D:7      | Found a staircase to the Ecumenical Temple.
 10705 | D:7      | XOM: potion effect (invisibility)
 10713 | D:7      | XOM: divination: detect items
 10737 | D:7      | XOM: potion effect (brilliance)
 10789 | D:7      | XOM: god gift: glowing orb {god gift}
 10913 | D:7      | Found a shimmering altar of Xom.
 10915 | D:7      | Found a shimmering altar of Xom.
 10917 | D:7      | Found a shimmering altar of Xom.
 11027 | D:7      | XOM: cloud trail
 11048 | D:7      | XOM: noise
 11231 | D:8      | Reached XP level 10. HP: 68/71 MP: 10/10
 11258 | D:8      | XOM: stat loss: -1 Str (9/10)
 11259 | D:8      | XOM: summons 6 hostile demons
 11292 | D:8      | Reached skill level 10 in Short Blades
 11348 | D:8      | Noticed a two-headed ogre
 11355 | D:8      | Killed a two-headed ogre
 11376 | D:8      | XOM: divination: detect items
 11786 | D:9      | Found a glowing silver altar of Zin.
 11802 | D:9      | Found an ornate altar of the Wu Jian Council.
 11898 | D:9      | Reached skill level 5 in Fighting
 11913 | D:9      | XOM: divination: magic mapping
 11919 | D:9      | Reached skill level 10 in Stealth
 12137 | D:9      | Noticed Erolcha
 12149 | D:9      | Killed Erolcha
 12150 | D:9      | Reached skill level 1 in Shields
 12150 | D:9      | Reached skill level 5 in Evocations
 12260 | D:8      | XOM: smoke on damage
 12264 | D:8      | XOM: give mutations
 12264 | D:8      | Lost mutation: Your mind is acute. (Int +4, Str/Dex -1)
                  | [Xom's mischief]
 12264 | D:8      | Lost mutation: You are robust. (+10% HP) [Xom's mischief]
 12264 | D:8      | Gained mutation: You occasionally shout uncontrollably at
                  | your foes. [Xom's mischief]
 12264 | D:8      | Gained mutation: You are frail. (-10% HP) [Xom's mischief]
 12309 | D:9      | Found a staircase to the Orcish Mines.
 12339 | D:9      | XOM: polymorph swamp drake -> howler monkey
 12484 | D:9      | Found an ancient bone altar of Kikubaaqudgha.
 12484 | D:9      | Found a hide-covered altar of Uskayaw.
 12493 | D:9      | Found a faded altar of an unknown god.
 12495 | D:9      | Found a white marble altar of Elyvilon.
 12498 | D:9      | Found a faded altar of an unknown god.
 12634 | D:9      | Found a shimmering blue altar of Sif Muna.
 12643 | D:9      | XOM: noise
 12689 | D:9      | XOM: give mutations
 12689 | D:9      | Gained mutation: You are strong-willed. (Will+) [Xom's
                  | grace]
 12689 | D:9      | Gained mutation: Your muscles are strong. (Str +4, Int/Dex
                  | -1) [Xom's grace]
 12724 | D:10     | Entered Level 10 of the Dungeon
 12763 | D:10     | XOM: 1-stop teleportation journey
 12768 | D:10     | Noticed a two-headed ogre
 12771 | D:10     | Killed a two-headed ogre
 12772 | D:10     | Reached skill level 11 in Short Blades
 12772 | D:10     | Reached skill level 5 in Dodging
 12772 | D:10     | Reached XP level 11. HP: 64/64 MP: 11/11
 12787 | D:10     | Found the +6 shillelagh "Devastator" {shatter}
 12789 | D:10     | Noticed a two-headed ogre
 12790 | D:10     | Noticed a boulder beetle
 12791 | D:10     | Noticed a two-headed ogre
 12801 | D:10     | XOM: butterfly on damage
 12804 | D:10     | Killed from afar by a gargoyle

Illustrated notes

Levels and vault maps discovered:
D:1:      amcnicky_arrival_underground_garden, layout_rooms
D:2:      layout_basic, serial_glass, glass_columns_a, glass_columns_a
D:3:      layout_basic, grunt_qazlal_sundering
D:4:      layout_basic, dreamdust_wishing_well, uniq_sigmund, uniq_grinder
D:5:      layout_basic, lemuel_mausoleum_altar_yredelemnul,
          worldfamousw_hep_ancestral_shrine, nicolae_ru_awakened_eye,
          kennysheep_okawaru_gauntlet, uniq_pikel
D:6:      layout_layer_cave, nicolae_tso_besieged_by_evil
D:7:      layout_cave_pools, xom_redecorated, minmay_temple_entry_metal_lava
D:8:      layout_loops_cross
D:9:      layout_roguey, lemuel_tele_altar, lemuel_blue_sif_altar,
          mainiacjoe_overflow_catwalk, chequers_temple_overflow_minitemple,
          erik_orc_1, uniq_erolcha
D:10:     layout_roguey, dilly_guarded_unrand_devastator, uniq_snorg

Skill      XL: |  1  2  3  4  5  6  7  8  9 10 |
---------------+-------------------------------+-----
Stealth        | 1 2 4 5 6 7 9 10 | 10.7
Short Blades   | 4 5 6 8 9 11 | 11.0
Dodging        | 3 4 5 |  5.1
Fighting       | 4 5 |  5.3
Shapeshifting  | 1 2 3 4 |  4.4
Evocations     | 2 4 5 |  5.3
Shields        | 1 |  1.5
Maces & Flails | |  0.1
Unarmed Combat | |  0.9

Action                     |  1- 3 |  4- 6 |  7- 9 | 10-12 || total
---------------------------+-------+-------+-------+-------++-------
  Melee: Short sword       |    45 |    17 |       |       ||    62
         Constrict         |    14 |    15 |    32 |    27 ||    88
         Tentacles         |    11 |    13 |    57 |    44 ||   125
         Morningstar       |    10 |       |       |       ||    10
         Kick              |     4 |       |       |       ||     4
         Rapier            |       |    39 |   218 |   148 ||   405
         Unarmed           |       |     9 |       |       ||     9
         Punch             |       |       |     3 |     5 ||     8
    Use: Scroll            |       |     4 |     2 |    12 ||    18
         Potion            |       |       |       |     3 ||     3
   Stab: Sleeping          |     4 |     7 |    29 |    10 ||    50
         Confused          |       |     1 |       |       ||     1
         Distracted        |       |       |     1 |     3 ||     4
         Invisible         |       |       |     5 |       ||     5
 Armour: Skin              |    19 |    14 |    58 |    43 ||   134
  Dodge: Dodged            |    36 |    27 |    79 |    87 ||   229
  Block: Buckler           |       |       |     3 |    38 ||    41

Table legend: (Time is in decaauts)
 A = Elapsed time spent in this place.
 B = Non-inter-level travel time spent in this place.
 C = Inter-level travel time spent in this place.
 D = Time resting spent in this place.
 E = Time spent auto-exploring this place.
 F = Levels seen in this place.
 G = Mean time per level.
                   A        B        C        D        E       F      G
               +--------+--------+--------+--------+--------+-----+--------+
         Total |  12616 |  12333 |    283 |   6116 |   5035 |  10 | 1261.6 |
       Dungeon |  12616 |  12333 |    283 |   6116 |   5035 |  10 | 1261.6 |
               +--------+--------+--------+--------+--------+-----+--------+

Top non-repeatable levels by time:
     D:1: 6403 daAuts
     D:2: 1101 daAuts
     D:5: 1067 daAuts
     D:6: 888 daAuts
     D:9: 869 daAuts
     D:8: 640 daAuts
     D:4: 537 daAuts
     D:7: 535 daAuts
     D:3: 494 daAuts
    D:10: 78 daAuts
